[Event "2023 John Brooke Cup"]
[Site "Woodvale, Perth WA AUS"]
[Date "2023.09.27"]
[Round "7"]
[White "Boswarva, Ernest"]
[Black "Hounsome, David"]
[Result "1/2-1/2"]
[ECO "D00"]
[WhiteElo "1516"]
[BlackElo "1370"]
[PlyCount "83"]
[EventDate "2023.08.09"]
[EventType "swiss"]
[EventRounds "7"]
[EventCountry "AUS"]
[TimeControl "3600+30"]

1. d4 d5 2. e3 Nf6 3. Bd3 b6 4. Nd2 Bb7 5. f4 Nbd7 6. Ngf3 c5 7. c3 Ne4 8. O-O
e6 9. Bxe4 dxe4 10. Ng5 Nf6 11. Qa4+ Qd7 12. Qxd7+ Kxd7 13. Nxf7 Rg8 14. Nc4
Ne8 15. Nce5+ Ke7 16. f5 Nd6 17. fxe6 Kxe6 18. Bd2 Be7 19. Nxd6 Bxd6 20. Rf7
Bd5 21. Raf1 Bxe5 22. dxe5 Kxe5 23. R7f5+ Kd6 24. b3 b5 25. Rh5 h6 26. Rff5 Be6
27. Rxc5 a6 28. b4 Bxa2 29. Be1 Rac8 30. Bg3+ Kd7 31. Rhe5 Rxc5 32. Rxc5 Rc8
33. Rxc8 Kxc8 34. Be5 g6 35. g4 Kd7 36. h4 h5 37. gxh5 gxh5 38. Kg2 Ke6 39. Bd4
Kd6 40. Kg3 Bf7 41. Kf4 Kd5 42. Kg5 1/2-1/2

[Event "2023 John Brooke Cup"]
[Site "Woodvale, Perth WA AUS"]
[Date "2023.09.27"]
[Round "7"]
[White "Frankland, David"]
[Black "Young, Manfred"]
[Result "1/2-1/2"]
[ECO "C00"]
[WhiteElo "1098"]
[BlackElo "1090"]
[PlyCount "64"]
[EventDate "2023.08.09"]
[EventType "swiss"]
[EventRounds "7"]
[EventCountry "AUS"]
[TimeControl "3600+30"]

1. e4 e6 2. Nf3 Bc5 3. d4 Bb6 4. Bg5 Ne7 5. c3 h6 6. Be3 d6 7. Na3 e5 8. Nc4
exd4 9. Bxd4 Bxd4 10. Qxd4 f6 11. h3 Be6 12. O-O-O Nbc6 13. Qe3 Qd7 14. b3
O-O-O 15. Na3 Kb8 16. Bb5 a6 17. Bxc6 Qxc6 18. Nd4 Qd7 19. Nxe6 Qxe6 20. Rd3
Qe5 21. Nc4 Qe6 22. Rhd1 f5 23. e5 d5 24. f4 Nc6 25. Nb2 Rhg8 26. Na4 g5 27. g3
g4 28. h4 Ne7 29. Nc5 Qc6 30. Na4 Rd7 31. Qc5 Qxc5 32. Nxc5 Rdd8 1/2-1/2

[Event "2023 John Brooke Cup"]
[Site "Woodvale, Perth WA AUS"]
[Date "2023.09.27"]
[Round "7"]
[White "Gough, Sebastian"]
[Black "Owen, Geoffrey"]
[Result "1-0"]
[ECO "A40"]
[WhiteElo "1072"]
[BlackElo "1030"]
[PlyCount "72"]
[EventDate "2023.08.09"]
[EventType "swiss"]
[EventRounds "7"]
[EventCountry "AUS"]
[TimeControl "3600+30"]

1. d4 b5 2. e4 Nf6 3. e5 Nd5 4. Bxb5 c5 5. Qf3 Qa5+ 6. Bd2 Qxb5 7. Qxd5 Bb7 8.
Qxc5 Qxc5 9. dxc5 Bxg2 10. f3 Bxh1 11. Nc3 Na6 12. Kf2 e6 13. Be3 Nb4 14. Nb5
Kd8 15. c3 Nc2 16. Rc1 Nxe3 17. Kxe3 Bxc5+ 18. Ke2 Rb8 {At this point, White
played 19. Nd3. The position after 19. Nd3 will instead be reached using a
series of moves.} 19. Nd4 Ra8 20. Nc2 Rc8 21. Nb4 Rb8 22. Nd3 {The position
after 19. Nd3 has been reached.} Rb5 23. c4 Ra5 24. a3 Be7 25. Nh3 Bg2 26. Nhf4
Bg5 27. h4 Bxf4 28. Nxf4 Rxe5+ 29. Kf2 Bxf3 30. Kxf3 g5 31. hxg5 Rxg5 32. Rc3
Rhg8 33. Ke4 Rg3 34. Rxg3 Rxg3 35. Nh5 Rg4+ 36. Ke5 Rg5+ 37. Kf6 Rxh5 38. Kg7
Ke7 39. Kh8 f5 1-0

[Event "2023 John Brooke Cup"]
[Site "Woodvale, Perth WA AUS"]
[Date "2023.09.27"]
[Round "7"]
[White "Massam, Justin"]
[Black "Markou, Victor"]
[Result "1-0"]
[ECO "D02"]
[WhiteElo "1479"]
[BlackElo "1039"]
[PlyCount "82"]
[EventDate "2023.08.09"]
[EventType "swiss"]
[EventRounds "7"]
[EventCountry "AUS"]
[TimeControl "3600+30"]

1. d4 d5 2. Nf3 Nf6 3. Bf4 Nbd7 4. e3 g6 5. c3 Bg7 6. Bd3 O-O 7. O-O Re8 8.
Nbd2 c5 9. b3 b6 10. Bb5 Nh5 11. Bc6 Nxf4 12. Bxa8 Ba6 13. c4 Qxa8 14. exf4
cxd4 15. Rc1 dxc4 16. bxc4 Nc5 17. Nb3 Ne6 18. Nbxd4 Rd8 19. Qa4 Bb7 20. Nxe6
fxe6 21. Qb3 Bxf3 22. Qxf3 Qxf3 23. gxf3 e5 24. fxe5 Bxe5 25. Rfe1 Bf6 26. Kg2
Rd2 27. a4 Rd8 28. c5 bxc5 29. Rxc5 Bd4 30. Rc4 e5 31. Rd1 Rb8 32. f4 Rb2 33.
fxe5 Rxf2+ 34. Kg3 Re2 35. Rcxd4 Rxe5 36. Rb1 Re7 37. a5 Kf7 38. a6 g5 39. Rb7
h5 40. Rdd7 Ke6 41. Rxe7+ Kf6 1-0

[Event "2023 Norbert Muller Cup (Division A)"]
[Site "Woodvale, Perth WA AUS"]
[Date "2023.10.11"]
[Round "1"]
[White "Curthoys, Edward"]
[Black "Maris, Rob"]
[Result "1/2-1/2"]
[ECO "A47"]
[WhiteElo "1934"]
[BlackElo "2099"]
[PlyCount "40"]
[EventDate "2023.10.11"]
[EventType "tourn"]
[EventRounds "7"]
[EventCountry "AUS"]
[TimeControl "3600+30"]

1. d4 Nf6 2. Bf4 e6 3. e3 c5 4. c3 b6 5. Nf3 Bb7 6. Bd3 Be7 7. h3 d6 8. O-O h6
9. Nbd2 g5 10. Bh2 g4 11. hxg4 Nxg4 12. e4 Nd7 13. a4 Rg8 14. a5 Ndf6 15. Qe2
Nh5 16. Bb5+ Kf8 17. Bg3 a6 18. Bd3 b5 19. Nh2 Nxg3 20. fxg3 Nxh2 1/2-1/2

[Event "2023 Norbert Muller Cup (Division A)"]
[Site "Woodvale, Perth WA AUS"]
[Date "2023.10.11"]
[Round "1"]
[White "Gibson, Jacob"]
[Black "Wolstencroft, Alan"]
[Result "1/2-1/2"]
[ECO "B80"]
[WhiteElo "2018"]
[BlackElo "1865"]
[PlyCount "45"]
[EventDate "2023.10.11"]
[EventType "tourn"]
[EventRounds "7"]
[EventCountry "AUS"]
[TimeControl "3600+30"]

1. e4 c5 2. Nf3 d6 3. d4 cxd4 4. Nxd4 Nf6 5. Nc3 a6 6. Be3 e6 7. f3 Be7 8. Qd2
O-O 9. O-O-O Nc6 10. g4 Nxd4 11. Bxd4 b5 12. Bxf6 Bxf6 13. Qxd6 Qxd6 14. Rxd6
Be5 15. Rd3 Bb7 16. Bg2 Rad8 17. Rhd1 Rxd3 18. Rxd3 Bf4+ 19. Kb1 Bxh2 20. Rd7
Bc6 21. Ra7 Ra8 22. Rxa8+ Bxa8 23. a4 1/2-1/2

[Event "2023 Norbert Muller Cup (Division A)"]
[Site "Woodvale, Perth WA AUS"]
[Date "2023.10.11"]
[Round "1"]
[White "Clarke, Daniel"]
[Black "Janceski, Alex"]
[Result "0-1"]
[ECO "B85"]
[WhiteElo "1928"]
[BlackElo "1878"]
[PlyCount "72"]
[EventDate "2023.10.11"]
[EventType "tourn"]
[EventRounds "7"]
[EventCountry "AUS"]
[TimeControl "3600+30"]

1. e4 c5 2. Nf3 d6 3. d4 cxd4 4. Nxd4 Nf6 5. Nc3 a6 6. Be2 e6 7. O-O Be7 8. a4
O-O 9. Be3 Bd7 10. f4 Qc7 11. Bf3 Nc6 12. Nxc6 Bxc6 13. a5 Nd7 14. Qd2 Rac8 15.
Rfc1 Rfd8 16. Na4 Rf8 17. Nb6 Nxb6 18. Bxb6 Qd7 19. c4 Bf6 20. Rd1 Be7 21. c5
Ba4 22. Rxa4 Qxa4 23. cxd6 Bd8 24. Bxd8 Rfxd8 25. Rc1 Rxc1+ 26. Qxc1 Qd4+ 27.
Kf1 Qxd6 28. e5 Qd7 29. Qc3 g6 30. Ke2 Rc8 31. Qd3 Qc7 32. b4 Qc1 33. Qd1 Qxf4
34. Bxb7 Qxe5+ 35. Kf2 Qb2+ 36. Kf1 Rc1 0-1

[Event "2023 Norbert Muller Cup (Division A)"]
[Site "Woodvale, Perth WA AUS"]
[Date "2023.10.11"]
[Round "1"]
[White "Plaganyi, Gyula"]
[Black "Saxon, Marc"]
[Result "0-1"]
[ECO "E60"]
[WhiteElo "1990"]
[WhiteTitle "CM"]
[BlackElo "2047"]
[PlyCount "120"]
[EventDate "2023.10.11"]
[EventType "tourn"]
[EventRounds "7"]
[EventCountry "AUS"]
[TimeControl "3600+30"]

1. d4 Nf6 2. c4 g6 3. h4 Bg7 4. Nf3 d6 5. Nc3 Bf5 6. Bf4 Nbd7 7. e3 O-O 8. Be2
c5 9. Qd2 Qa5 10. O-O Rfc8 11. Rfe1 cxd4 12. Nxd4 Nb6 13. Nb3 Qb4 14. g4 Bxg4
15. f3 Be6 16. Nd4 Nxc4 17. Bxc4 Bxc4 18. Nc2 Qa5 19. e4 Qh5 20. Kg2 Nd7 21.
Qf2 Ne5 22. Bxe5 Bxe5 23. f4 Qg4+ 24. Qg3 Qxf4 25. Qxf4 Bxf4 26. Ne3 Bxe3 27.
Rxe3 Be6 28. Rd1 a6 29. Kg3 Rc4 30. h5 b5 31. hxg6 hxg6 32. Rh1 Kg7 33. b3 Rc5
34. Ne2 Rh8 35. Rxh8 Kxh8 36. Nf4 Bc8 37. a3 Bb7 38. Ne2 Re5 39. Nc3 g5 40. Kf2
f5 41. exf5 Rxe3 42. Kxe3 Kg7 43. Ne2 Kf6 44. Ng3 Ke5 45. Kf2 Bc8 46. Ke3 Bxf5
47. Ne2 Bd7 48. Nd4 g4 49. Ne2 Kf5 50. Ng3+ Kg6 51. Kf4 e5+ 52. Ke3 Bc6 53. b4
d5 54. Kf2 Kg5 55. Ne2 d4 56. Kg3 Bf3 57. Nc1 e4 58. Nb3 d3 59. Nd2 e3 60.
Nxf3+ gxf3 0-1

[Event "2023 Norbert Muller Cup (Division B)"]
[Site "Woodvale, Perth WA AUS"]
[Date "2023.11.22"]
[Round "1"]
[White "Weijermars, Tristan"]
[Black "Michael, Ashley"]
[Result "0-1"]
[ECO "A57"]
[WhiteElo "1575"]
[BlackElo "1563"]
[PlyCount "52"]
[EventDate "2023.10.11"]
[EventType "tourn"]
[EventRounds "7"]
[EventCountry "AUS"]
[TimeControl "3600+30"]

1. d4 Nf6 2. c4 c5 3. d5 b5 4. Nc3 b4 5. Nb1 g6 6. Bg5 Bg7 7. Nd2 d6 8. Qc2 O-O
9. Ngf3 a5 10. e4 Na6 11. Be2 b3 12. Qxb3 Rb8 13. Qc2 Nxd5 14. exd5 Rxb2 15.
Qe4 Rxd2 16. Kxd2 Bxa1 17. Rxa1 f6 18. Be3 Bf5 19. Qf4 Qb6 20. Ke1 Qb2 21. Rc1
Nb4 22. Kf1 Bd3 23. Bxd3 Nxd3 24. Qh6 Nxc1 25. Bxc1 Qc2 26. Nh4 Qd1# 0-1

[Event "2023 Norbert Muller Cup (Division B)"]
[Site "Woodvale, Perth WA AUS"]
[Date "2023.10.11"]
[Round "1"]
[White "Gough, Dylan"]
[Black "Browning, Thomas"]
[Result "0-1"]
[ECO "D32"]
[WhiteElo "1823"]
[BlackElo "1651"]
[PlyCount "74"]
[EventDate "2023.10.11"]
[EventType "tourn"]
[EventRounds "7"]
[EventCountry "AUS"]
[TimeControl "3600+30"]

1. d4 d5 2. c4 Nf6 3. Nc3 e6 4. e3 c5 5. cxd5 exd5 6. Nf3 Nc6 7. h3 Be6 8. Bb5
Rc8 9. Ne5 Bd6 10. Qa4 Qb6 11. Bxc6+ bxc6 12. Nf3 O-O 13. O-O Bf5 14. dxc5 Qxc5
15. Qd4 Rfe8 16. Rd1 Ne4 17. Bd2 Qb6 18. Qxb6 axb6 19. Nd4 Bd7 20. a4 Bc5 21.
Nb3 Bb4 22. Nxe4 Rxe4 23. Bc3 Bxc3 24. bxc3 Ra8 25. a5 bxa5 26. Nc5 Re7 27. Ra4
Bf5 28. c4 Bc2 29. Rda1 Bxa4 30. Rxa4 dxc4 31. Rxc4 Rea7 32. Na4 Ra6 33. Kf1
Rb8 34. Nc5 Raa8 35. Nd7 Rb1+ 36. Ke2 a4 37. Rc2 a3 0-1

[Event "2023 Norbert Muller Cup (Division B)"]
[Site "Woodvale, Perth WA AUS"]
[Date "2023.10.11"]
[Round "1"]
[White "Leonhardt, Wolfgang"]
[Black "Oswald, Franz"]
[Result "1-0"]
[ECO "B41"]
[WhiteElo "1760"]
[BlackElo "1678"]
[PlyCount "51"]
[EventDate "2023.10.11"]
[EventType "tourn"]
[EventRounds "7"]
[EventCountry "AUS"]
[TimeControl "3600+30"]

1. e4 c5 2. Nf3 e6 3. d4 cxd4 4. Nxd4 Nc6 5. Be3 a6 6. c4 Qc7 7. Nc3 Nf6 8. Be2
Bb4 9. Rc1 Nxe4 10. O-O Nxc3 11. bxc3 Be7 12. f4 O-O 13. Bd3 Bf6 14. f5 e5 15.
Nf3 Re8 16. Be4 b5 17. Bd5 Bb7 18. Ng5 Bxg5 19. Bxg5 Ne7 20. Bxf7+ Kxf7 21.
Qh5+ Kg8 22. f6 Qc5+ 23. Kh1 Rf8 24. fxe7 Rxf1+ 25. Rxf1 g6 26. Qh6 1-0

[Event "2023 Norbert Muller Cup (Division B)"]
[Site "Woodvale, Perth WA AUS"]
[Date "2023.10.11"]
[Round "1"]
[White "Bhatia, Abhay"]
[Black "Balavignan, Ashvin"]
[Result "0-1"]
[ECO "C01"]
[WhiteElo "1745"]
[BlackElo "1683"]
[PlyCount "64"]
[EventDate "2023.10.11"]
[EventType "tourn"]
[EventRounds "7"]
[EventCountry "AUS"]
[TimeControl "3600+30"]

1. e4 e6 2. d4 d5 3. exd5 exd5 4. c4 Nf6 5. cxd5 Nxd5 6. Bc4 Bb4+ 7. Bd2 Bxd2+
8. Nxd2 O-O 9. Ngf3 Re8+ 10. Be2 Nf4 11. Ne5 Nxe2 12. Qxe2 f6 13. Qc4+ Be6 14.
Qb4 fxe5 15. Qxb7 exd4 16. O-O Bd5 17. Qb4 Qg5 18. f3 Re2 19. Rf2 Rxf2 20. Kxf2
Nc6 21. Qb7 Qxd2+ 22. Kg1 Qe3+ 23. Kh1 Re8 24. h3 d3 25. Qb5 Qd4 26. Rd1 d2 27.
Kh2 Bxf3 28. Qb3+ Bd5 29. Qc2 Re2 30. Rg1 Qf4+ 31. Kh1 Bxg2+ 32. Rxg2 Qf1+ 0-1

[Event "2023 Norbert Muller Cup (Division C)"]
[Site "Woodvale, Perth WA AUS"]
[Date "2023.10.11"]
[Round "1"]
[White "Walker, Colin"]
[Black "Hintz, Steven"]
[Result "0-1"]
[ECO "D00"]
[WhiteElo "1461"]
[BlackElo "1553"]
[PlyCount "109"]
[EventDate "2023.10.11"]
[EventType "tourn"]
[EventRounds "7"]
[EventCountry "AUS"]
[TimeControl "3600+30"]

1. d4 Nf6 2. Nc3 d5 3. h3 Bf5 4. Bg5 h6 5. Bh4 e6 6. Nf3 Nbd7 7. e3 Be7 8. Bxf6
Nxf6 9. Bb5+ c6 10. Bd3 Bh7 11. O-O O-O 12. Re1 c5 13. Bxh7+ Kxh7 14. dxc5 Bxc5
15. Ne2 Rc8 16. c3 a6 17. Ned4 Qc7 18. Rc1 Qe7 19. Nd2 e5 20. N4b3 Ba7 21. Nf3
Rfd8 22. Kf1 Qe6 23. Qe2 g6 24. Nfd2 Kg7 25. Rc2 Ne8 26. Rec1 b5 27. Nf3 Nd6
28. Nbd2 Nf5 29. a3 Qf6 30. e4 Ne7 31. exd5 Rxd5 32. c4 bxc4 33. Rxc4 Rxc4 34.
Rxc4 Qe6 35. Ne4 f6 36. Nc3 Rc5 37. Rb4 Rc7 38. Ra4 Rc6 39. Re4 Rc5 40. g4 g5
41. Ra4 Rc6 42. Kg2 Ng6 43. Kf1 Nf4 44. Rxf4 exf4 45. Ne4 Qc4 46. Qxc4 Rxc4 47.
Nc3 Bd4 48. Nxd4 Rxd4 49. Ke2 Kf7 50. f3 Ke6 51. Ne4 Ke5 52. Nc5 Rd6 53. Nd3+
Kd4 54. Nb4 Kc4 55. Nc2 0-1

[Event "2023 Norbert Muller Cup (Division C)"]
[Site "Woodvale, Perth WA AUS"]
[Date "2023.10.11"]
[Round "1"]
[White "Boswarva, Ernest"]
[Black "Curtis, Calan"]
[Result "0-1"]
[ECO "D00"]
[WhiteElo "1537"]
[BlackElo "1431"]
[PlyCount "74"]
[EventDate "2023.10.11"]
[EventType "tourn"]
[EventRounds "7"]
[EventCountry "AUS"]
[TimeControl "3600+30"]

1. d4 e6 2. e3 d5 3. Bd3 c5 4. c3 Nd7 5. f4 Ngf6 6. Nd2 cxd4 7. exd4 Qc7 8. Nh3
Bd6 9. O-O a5 10. Qe2 b6 11. Nf3 Ne4 12. Nfg5 Ndf6 13. Bb5+ Bd7 14. Bd3 Nxg5
15. Nxg5 h6 16. Nh3 O-O 17. Rf3 Rab8 18. a4 Rfe8 19. Nf2 Nh5 20. Nh3 Qd8 21. g4
e5 22. fxe5 Bxg4 23. Bd2 Qh4 24. Raf1 Bxh3 25. Bh7+ Kxh7 26. Qd3+ Kg8 27. Rxh3
Qg4+ 28. Kh1 Bxe5 29. dxe5 Rxe5 30. Rg1 Qe6 31. Rf3 Re4 32. Qf1 Nf6 33. Rgg3
Ng4 34. h3 Ne5 35. Qg1 g5 36. Bxg5 hxg5 37. Rxg5+ Ng6 {Scoresheet not clear}
0-1

[Event "2023 Norbert Muller Cup (Division C)"]
[Site "Woodvale, Perth WA AUS"]
[Date "2023.10.11"]
[Round "1"]
[White "Sethuraman, Jaswanth Ram"]
[Black "Brooke, John"]
[Result "1-0"]
[ECO "B00"]
[WhiteElo "1298"]
[BlackElo "1462"]
[PlyCount "103"]
[EventDate "2023.10.11"]
[EventType "tourn"]
[EventRounds "7"]
[EventCountry "AUS"]
[TimeControl "3600+30"]

1. e4 b6 2. Nf3 Bb7 3. Nc3 e6 4. a3 Ne7 5. d4 Ng6 6. Be2 Be7 7. O-O O-O 8. Be3
d6 9. Qd2 e5 10. dxe5 dxe5 11. Qxd8 Rxd8 12. Rad1 Nc6 13. Nd5 Bd6 14. b4 Rd7
15. c4 Rad8 16. Rd2 Nge7 17. c5 Nxd5 18. exd5 Bf8 19. dxc6 Bxc6 20. Rxd7 Bxd7
21. Rd1 Be7 22. Nxe5 Ba4 23. Rxd8+ Bxd8 24. cxb6 cxb6 25. Bc4 Bf6 26. Nd3 h6
27. Bf4 b5 28. Bd5 Bc3 29. Nc5 Bd4 30. Nxa4 bxa4 31. Bc1 Kf8 32. Bc6 Ke7 33.
Bxa4 Kd6 34. Kf1 Kc7 35. Ke2 f5 36. f3 g5 37. g3 Bg1 38. h3 Bd4 39. h4 gxh4 40.
gxh4 Bf6 41. h5 Bg5 42. Bxg5 hxg5 43. h6 g4 44. fxg4 fxg4 45. h7 g3 46. h8=Q g2
47. Qg7+ Kb6 48. Qxg2 a5 49. Qc6+ Ka7 50. Bb3 axb4 51. Bd5 bxa3 52. Qb7# 1-0

[Event "2023 Norbert Muller Cup (Division C)"]
[Site "Woodvale, Perth WA AUS"]
[Date "2023.11.09"]
[Round "1"]
[White "Massam, Justin"]
[Black "Akers, Gerard"]
[Result "0-1"]
[ECO "A40"]
[WhiteElo "1542"]
[BlackElo "1562"]
[PlyCount "98"]
[EventDate "2023.10.11"]
[EventType "tourn"]
[EventRounds "7"]
[EventCountry "AUS"]
[TimeControl "3600+30"]

{Played away from club} 1. d4 e5 2. dxe5 d6 3. Nc3 Nc6 4. exd6 Bxd6 5. Nf3 h6
6. e3 a6 7. Bc4 Bg4 8. h3 Bh5 9. O-O Nf6 10. b3 Qe7 11. Bb2 O-O-O 12. Nd5 Nxd5
13. Bxd5 Be5 14. c3 Qc5 15. e4 f5 16. Be6+ Kb8 17. Qe2 fxe4 18. Qxe4 Rhe8 19.
b4 Qd6 20. Qf5 Bxf3 21. Qxf3 Rxe6 22. Rad1 Qe7 23. Qg4 Rxd1 24. Rxd1 Bd6 25.
Kf1 Re4 26. Qf3 Rf4 27. Qd3 Qf7 28. Rd2 Ne5 29. Qe3 Nc4 30. Qe2 Nxb2 31. Rxb2
Qc4 32. Qxc4 Rxc4 33. Rb3 Be5 34. Ke2 Rxc3 35. Rxc3 Bxc3 36. a3 Bb2 37. a4 b5
38. axb5 axb5 39. Kd3 Kc8 40. g4 g5 41. f3 Kd7 42. Kc2 Be5 43. Kd3 Kd6 44. Ke4
Bc3 45. f4 gxf4 46. Kxf4 Bxb4 47. Kf5 Bd2 48. Ke4 c5 49. Kd3 Ba5 0-1

[Event "2023 Norbert Muller Cup (Division D)"]
[Site "Woodvale, Perth WA AUS"]
[Date "2023.10.11"]
[Round "1"]
[White "Knight, Charles"]
[Black "Nel, Kevin"]
[Result "1-0"]
[ECO "C29"]
[WhiteElo "1440"]
[BlackElo "1147"]
[PlyCount "39"]
[EventDate "2023.10.11"]
[EventType "swiss"]
[EventRounds "7"]
[EventCountry "AUS"]
[TimeControl "3600+30"]

1. e4 e5 2. Nc3 Nf6 3. f4 d5 4. fxe5 Ng4 5. exd5 Bc5 6. d4 Bb4 7. e6 Nf2 8.
exf7+ Kf8 9. Kxf2 Qf6+ 10. Nf3 c5 11. Ne4 Qxf7 12. dxc5 Bg4 13. c3 Ba5 14. Bc4
Nd7 15. Rf1 h6 16. Kg1 Bc7 17. d6 Qxc4 18. Ne5+ Nf6 19. Qxg4 h5 20. Ng6+ 1-0

[Event "2023 Norbert Muller Cup (Division D)"]
[Site "Woodvale, Perth WA AUS"]
[Date "2023.10.11"]
[Round "1"]
[White "Owen, Geoffrey"]
[Black "Porteus, Grant"]
[Result "0-1"]
[ECO "A09"]
[WhiteElo "1120"]
[BlackElo "1431"]
[PlyCount "82"]
[EventDate "2023.10.11"]
[EventType "swiss"]
[EventRounds "7"]
[EventCountry "AUS"]
[TimeControl "3600+30"]

1. Nf3 d5 2. c4 d4 3. d3 Nc6 4. a3 Nf6 5. b4 a6 6. Bb2 e5 7. c5 Nd7 8. Nbd2 Be7
9. Ne4 b6 10. Qa4 Bb7 11. Qc2 f5 12. Ned2 bxc5 13. Nc4 cxb4 14. Nfxe5 Ndxe5 15.
Nxe5 Nxe5 16. axb4 Bxb4+ 17. Kd1 Ng4 18. Qa4+ c6 19. Qxb4 Nxf2+ 20. Ke1 Nxh1
21. Bxd4 Qh4+ 22. g3 Qxh2 23. Qxb7 Qxg3+ 24. Kd2 O-O 25. Qxc6 Qf4+ 26. e3 Qf2+
27. Be2 Ng3 28. Qd5+ Kh8 29. Bxg7+ Kxg7 30. Qe5+ Rf6 31. Qc7+ Kg6 32. Rb1 Rf7
33. Rb6+ Kg7 34. Qe5+ Kg8 35. Qd5 Qxe2+ 36. Kc3 Rc8+ 37. Kd4 Qg4+ 38. e4 Ne2+
39. Ke5 Re8+ 40. Kd6 Rd8+ 41. Kc6 Rxd5 0-1

[Event "2023 Norbert Muller Cup (Division D)"]
[Site "Woodvale, Perth WA AUS"]
[Date "2023.10.11"]
[Round "1"]
[White "Hounsome, David"]
[Black "Gough, Sebastian"]
[Result "0-1"]
[ECO "A21"]
[WhiteElo "1417"]
[BlackElo "1058"]
[PlyCount "52"]
[EventDate "2023.10.11"]
[EventType "swiss"]
[EventRounds "7"]
[EventCountry "AUS"]
[TimeControl "3600+30"]

1. c4 Nf6 2. Nc3 e5 3. g3 Bb4 4. Bg2 Bxc3 5. bxc3 d6 6. d4 e4 7. Bg5 Bf5 8. Qc2
Qe7 9. e3 Nbd7 10. Ne2 h6 11. Bxf6 Nxf6 12. O-O c6 13. Rad1 O-O 14. d5 c5 15.
Nf4 g5 16. Nh3 Qd7 17. Qe2 Bg4 18. f3 Bxh3 19. Rf2 Bxg2 20. Kxg2 exf3+ 21. Qxf3
Qg4 22. Rdf1 Qxf3+ 23. Rxf3 Ne4 24. Rf5 Nd2 25. R1f2 Nxc4 26. e4 Ne3+ 0-1

[Event "2023 Norbert Muller Cup (Division D)"]
[Site "Woodvale, Perth WA AUS"]
[Date "2023.10.11"]
[Round "1"]
[White "Powell, Darren"]
[Black "Markou, Victor"]
[Result "1-0"]
[ECO "C27"]
[WhiteElo "1336"]
[BlackElo "1042"]
[PlyCount "110"]
[EventDate "2023.10.11"]
[EventType "swiss"]
[EventRounds "7"]
[EventCountry "AUS"]
[TimeControl "3600+30"]

1. e4 e5 2. Bc4 Nf6 3. Nc3 g6 4. Nf3 Bg7 5. Nxe5 O-O 6. d3 d6 7. Nf3 Nc6 8. h3
Re8 9. Bg5 h6 10. Be3 Ne5 11. Nxe5 dxe5 12. Qd2 g5 13. O-O-O Be6 14. Bxe6 Rxe6
15. f3 Nh5 16. g4 Nf6 17. h4 gxh4 18. Rxh4 Nxe4 19. fxe4 Qxh4 20. Nd5 Rc8 21.
g5 c6 22. Nf6+ Bxf6 23. gxf6 Rxf6 24. Qg2+ Rg6 25. Qf3 Rf8 26. Rh1 Qg3 27. Qxg3
Rxg3 28. Bxh6 Re8 29. Re1 Re6 30. Bd2 Reg6 31. Be3 b6 32. d4 exd4 33. Bxd4 c5
34. Bf2 Rf3 35. Be3 Rgf6 36. Kd2 Re6 37. Kd3 Rc6 38. c4 a6 39. b3 b5 40. cxb5
axb5 41. Rc1 Rd6+ 42. Ke2 Rh3 43. Rxc5 Rh2+ 44. Bf2 Ra6 45. Rc2 Re6 46. Kf3
Rf6+ 47. Kg3 Rhh6 48. Rc8+ Kh7 49. Bd4 Rhg6+ 50. Kh4 Rh6+ 51. Kg4 Rhg6+ 52. Kh4
Rh6+ 53. Kg4 Kg6 54. Bxf6 Kxf6 55. Rc6+ Kg7 1-0

[Event "2023 Norbert Muller Cup (Division D)"]
[Site "Woodvale, Perth WA AUS"]
[Date "2023.10.11"]
[Round "1"]
[White "Lanham, Bruce"]
[Black "Jahn, Harold"]
[Result "0-1"]
[ECO "D02"]
[WhiteElo "1215"]
[BlackElo "997"]
[PlyCount "62"]
[EventDate "2023.10.11"]
[EventType "swiss"]
[EventRounds "7"]
[EventCountry "AUS"]
[TimeControl "3600+30"]

1. d4 d5 2. Nf3 Nc6 3. g3 e6 4. Bg2 Nf6 5. O-O h5 6. h3 Qd6 7. Bf4 Qe7 8. c4
Bd7 9. cxd5 Nxd5 10. Bg5 f6 11. Bc1 O-O-O 12. b3 g5 13. Ba3 Qg7 14. Bxf8 Rdxf8
15. e4 Nde7 16. Ne1 g4 17. h4 f5 18. exf5 Nxf5 19. Bxc6 Bxc6 20. Nc2 Qd7 21.
Re1 Nd6 22. Nba3 Qf7 23. Re2 Bf3 24. Ne3 Ne4 25. Nac4 Nc3 26. Qd2 Nxe2+ 27. Kf1
Nxg3+ 28. Ke1 Ne4 29. Ne5 Qf4 30. Ng6 Qh2 31. Nf1 Qg1 {Scoresheet not clear}
0-1

[Event "2023 Norbert Muller Cup (Division A)"]
[Site "Woodvale, Perth WA AUS"]
[Date "2023.10.18"]
[Round "2"]
[White "Maris, Rob"]
[Black "Saxon, Marc"]
[Result "0-1"]
[ECO "D94"]
[WhiteElo "2099"]
[BlackElo "2047"]
[PlyCount "90"]
[EventDate "2023.10.11"]
[EventType "tourn"]
[EventRounds "7"]
[EventCountry "AUS"]
[TimeControl "3600+30"]

1. c4 Nf6 2. Nc3 d5 3. e3 g6 4. Nf3 Bg7 5. d4 O-O 6. b3 c5 7. Be2 Bf5 8. O-O
Qc7 9. Bb2 Rd8 10. Rc1 dxc4 11. Bxc4 Nc6 12. Nb5 Qb8 13. Qe1 a6 14. Na3 cxd4
15. exd4 Qf4 16. Qe3 Bh6 17. Qxf4 Bxf4 18. Rcd1 Bg4 19. Be2 Nb4 20. h3 Be6 21.
Nc4 Nxa2 22. Nb6 Rab8 23. Bc4 Nd5 24. Na4 b5 25. Bxd5 Bxd5 26. Nc5 Rbc8 27.
Rfe1 Bd6 28. Nd2 Bxc5 29. dxc5 e6 30. Bf6 Re8 31. Ne4 Bxe4 32. Rxe4 Rxc5 33.
Ra1 Nc3 34. Bxc3 Rxc3 35. Rxa6 Rxb3 36. Rb6 Rc8 37. Re5 Rc1+ 38. Kh2 Rc2 39. f4
Rbb2 40. Rg5 h6 41. Rg3 Rf2 42. Rg4 b4 43. Kg1 h5 44. Rh4 Rxg2+ 45. Kh1 Rgc2
0-1

[Event "2023 Norbert Muller Cup (Division A)"]
[Site "Woodvale, Perth WA AUS"]
[Date "2023.10.18"]
[Round "2"]
[White "Janceski, Alex"]
[Black "Plaganyi, Gyula"]
[Result "0-1"]
[ECO "A04"]
[WhiteElo "1878"]
[BlackElo "1990"]
[BlackTitle "CM"]
[PlyCount "149"]
[EventDate "2023.10.11"]
[EventType "tourn"]
[EventRounds "7"]
[EventCountry "AUS"]
[TimeControl "3600+30"]

1. d4 Nf6 2. g3 c5 3. Nf3 cxd4 4. Nxd4 Nc6 5. Bg2 Qb6 6. Nxc6 bxc6 7. O-O g6 8.
b3 Bg7 9. Bb2 O-O 10. c4 a5 11. Bd4 Qc7 12. Nd2 Bb7 13. Rc1 d6 14. Qc2 c5 15.
Bxf6 Bxf6 16. Bxb7 Qxb7 17. Rb1 Qc6 18. Rfd1 Rfb8 19. h3 a4 20. Kh2 Qa6 21. Kg2
axb3 22. axb3 Qc6+ 23. Kg1 Ra6 24. Qd3 Rab6 25. h4 h5 26. Kh2 Bg7 27. f3 Qa8
28. Kh3 Qb7 29. Kg2 Bh6 30. e3 Bg7 31. Kf2 Ra8 32. Rdc1 Rba6 33. Ke2 Qb4 34.
Rc2 Ra1 35. Rcc1 R1a2 36. Rc2 Qb7 37. Rbc1 Qd7 38. Rh1 Ra1 39. Nf1 Rb8 40. Rh2
Be5 41. Kf2 Rba8 42. Nd2 Rd1 43. Qe2 Raa1 44. f4 Bg7 45. Nf3 Qg4 46. Kg2 Qf5
47. Rd2 Rdb1 48. e4 Qe6 49. e5 Rxb3 50. Ng5 Qd7 51. Rh1 Qc6+ 52. Nf3 Rxh1 53.
Kxh1 Qxf3+ 54. Qxf3 Rxf3 55. exd6 exd6 56. Kg2 Rc3 57. Rxd6 Rxc4 58. Rd8+ Bf8
59. f5 Rd4 60. Rb8 c4 61. Kf3 c3 62. Rc8 Rd3+ 63. Kf4 c2 64. Rxc2 gxf5 65. Kxf5
Rxg3 66. Rc4 Kg7 67. Ra4 Be7 68. Rc4 Rh3 69. Rc7 Bxh4 70. Rc2 Rf3+ 71. Ke4 Rf6
72. Rh2 Ra6 73. Kf5 Ra5+ 74. Kf4 Bg5+ 75. Kg3 {Scoresheet not clear} 0-1